 Dungeon Crawl Stone Soup version 0.29-a0-352-g0917bc69df (webtiles) character file.

Game seed: 9422391489433351914

66 croobank the Sneak (level 4, -2/27 HPs)
             Began as an Octopode Fire Elementalist on Apr 23, 2022.
             Slain by a goblin
             ... wielding a +0 club
             ... led by Robin
              (6 damage)
             ... on level 2 of the Dungeon.
             The game lasted 00:05:44 (2987 turns).

croobank the Sneak (Octopode Fire Elementalist)     Turns: 2987, Time: 00:05:47

Health: -2/27      AC:  1    Str:  7    XL:     4   Next: 15%
Magic:  1/7        EV: 13    Int: 19    God:
Gold:   148        SH:  0    Dex: 12    Spells: 0/7 levels left

rFire   . . .      SeeInvis .   g - +0 dagger
rCold   . . .      Faith    .   (no shield)
rNeg    . . .      Spirit   .   (helmet restricted)
rPois   .          Reflect  .   (no amulet)
rElec   .          Harm     .   (no ring)
rCorr   .          Rampage  .   (no ring)
Will    .....                   (no ring)
Stlth   +++.......              (no ring)
HPRegen 0.09/turn               (no ring)
MPRegen 0.10/turn               (no ring)
                                (no ring)
                                (no ring)

@: hasted, very quick
A: almost no armour, amphibious, 8 rings, camouflage 1, gelatinous body 1,
(nimble swimmer 1), tentacles
a: no special abilities


You were on level 2 of the Dungeon.
You visited 1 branch of the dungeon, and saw 3 of its levels.

You collected 148 gold pieces.

Inventory:

Hand Weapons
 b - a +0 hunting sling of freezing
 g - a +0 dagger (weapon)
Missiles
 h - 97 stones
Jewellery
 j - a ring of magical power
 n - a ring of wizardry
Scrolls
 c - 8 scrolls of identify {unknown}
 d - a scroll of fog {unknown}
 k - 3 scrolls of teleportation {unknown}
 o - a scroll of noise {unknown}
Potions
 a - a potion of magic
 e - 4 potions of degeneration {unknown}
 i - a potion of mutation {unknown}
 l - a potion of haste
 m - a potion of invisibility {unknown}


   Skills:
 + Level 2.6 Dodging
 + Level 3.6 Stealth
 + Level 2.4 Spellcasting
 + Level 1.8 Conjurations
 + Level 3.4 Fire Magic


You couldn't memorise any spells.
You knew the following spells:

 Your Spells              Type           Power      Damage    Failure   Level
a - Foxfire               Conj/Fire      48%        2x1d6     5%          1
b - Scorch                Fire           30%        2d6       6%          2
c - Flame Wave            Conj/Fire      12%        2d6       47%         4

Your spell library contained the following spells:

 Spells                   Type           Power      Damage    Failure   Level
 Sandblast                Erth           4%         2d4       16%         1
 Conjure Flame            Conj/Fire      12%        6-21      16%         3
 Passwall                 Tmut/Erth      1%         N/A       24%         2
 Inner Flame              Hex/Fire       8%         N/A       24%         3
 Stone Arrow              Conj/Erth      10%        3d7       32%         3
 Gell's Gravitas          Tloc           2%         N/A       43%         3
 Lesser Beckoning         Tloc           2%         N/A       43%         3
 Teleport Other           Tloc           2%         N/A       43%         3


Dungeon Overview and Level Annotations

Branches:
Dungeon (3/15)

Altars:

Annotations:
D:2 Robin


Innate Abilities, Weirdness & Mutations

You cannot wear most types of armour.
You are amphibious.
You can wear up to eight rings at the same time.
Your skin changes colour to match your surroundings (Stealth+).
Your rubbery body absorbs attacks. (AC +1, EV +1)
((You are camouflaged when in or above water. (Stealth+)))
You have tentacles for arms and can constrict up to eight enemies at once.


Message History

Robin throws the goblin at you!
The goblin hits you with a +2 dagger of holy wrath.
The goblin hits you with a +0 club.
You hit Robin but do no damage. You squeeze Robin.
Robin is moderately wounded.
You constrict Robin. Robin hits you with a +0 dagger.
The goblin closely misses you. x2
You release your grip on Robin.
Robin hits you with a +0 dagger. The goblin barely misses you.
The goblin attacks as you move away! The goblin misses you.
Robin attacks as you move away! Robin hits you with a +0 dagger.
* * * LOW HITPOINT WARNING * * *
Robin throws the goblin at you! The goblin completely misses you.
It was a potion of haste.
You feel yourself speed up.
The goblin hits you with a +2 dagger of holy wrath.
* * * LOW HITPOINT WARNING * * *
The goblin closely misses you.
It was a potion of curing.
You feel better.
Your magical contamination has completely faded away.
You hit the goblin but do no damage. You grab the goblin.
You squeeze the goblin.
The goblin is heavily wounded.
You constrict the goblin.
Robin zaps a wand.
Some rock shatters into small pieces.
The goblin hits you with a +2 dagger of holy wrath.
The goblin barely misses you.
You hit the goblin.
You kill the goblin!
The goblin hits you with a +0 club!
* * * LOW HITPOINT WARNING * * *
Casting: Scorch (safe; 6% risk of failure)
Confirm with . or Enter, or press ? or * to list all spells.
You conjure some foxfire!
You barely miss the goblin. Your grab misses the goblin.
The foxfire hits the goblin.
The goblin is almost dead.
The foxfire hits Robin.
Robin is moderately wounded.
The goblin hits you with a +0 club.
You die...

######.## ........# ........#
........# ........# #######
........####### #..[..#
........#.....####.....#
........#........g.)...#######
...............)@g>..........#
#.#...........####.....#####.#
#.#.##.##.....# #.....#####.#
#.#.##.##.....# #.........#.#
#.#......#.#### #.#######.#.#
#.####.#.#.#######.##### #.#.#
#....#.#.#.#...........###.#.#
####.#.#.#..............##.#.#
####.#.#.###............##.#.#


You could see Robin and a goblin (strong).

Vanquished Creatures
  2 adders (D:2)
  3 dart slugs (D:1)
  5 ball pythons
  4 endoplasms
  A giant cockroach (D:2)
  A hobgoblin (D:1)
  2 quokkas
  6 bats
  7 goblins
  6 kobolds
  3 rats
40 creatures vanquished.

Vanquished Creatures (others)
  70 foxfires
70 creatures vanquished.

Grand Total: 110 creatures vanquished

Notes
Turn   | Place    | Note
-------+----------+-------------------------------------------
     0 | D:1      | croobank the Octopode Fire Elementalist began the quest for
                  | the Orb.
     0 | D:1      | Reached XP level 1. HP: 11/11 MP: 3/3
   512 | D:1      | Reached XP level 2. HP: 17/17 MP: 1/5
   515 | D:1      | Learned a level 2 spell: Scorch
  1119 | D:1      | Reached XP level 3. HP: 16/21 MP: 0/6
  2317 | D:2      | Reached XP level 4. HP: 27/27 MP: 1/7
  2322 | D:2      | Learned a level 4 spell: Flame Wave
  2973 | D:3      | Noticed Robin
  2987 | D:2      | Slain by a goblin

Illustrated notes

Levels and vault maps discovered:
D:1:      dpeg_arrival_arbitrary_a, layout_loops_corners, nrook_loot_triangle,
          minmay_tromino_mix6
D:2:      layout_basic, kennysheep_cross_bottleneck
D:3:      layout_rooms, mainiacjoe_overflow_alcove_1, kiku_gazebo_pond_becter,
          nzn_wu_jian_contemplation, hex_tiny, uniq_robin

Skill      XL: |  1  2 |
---------------+-------+-----
Stealth        | 3 |  3.6
Dodging        | |  2.6
Spellcasting   | |  2.4
Conjurations   | |  1.8
Fire Magic     | |  3.4

Action                   |  1- 3 |  4- 6 || total
-------------------------+-------+-------++-------
Melee: Unarmed           |     9 |       ||     9
       Constrict         |     3 |     2 ||     5
       Tentacles         |     3 |     2 ||     5
       Dagger            |     4 |     5 ||     9
 Cast: Foxfire           |    38 |     1 ||    39
       Scorch            |    13 |     3 ||    16
  Use: Potion            |     2 |     2 ||     4
Armor: Skin              |     6 |     1 ||     7
Dodge: Dodged            |    13 |    16 ||    29

Table legend: (Time is in decaauts)
 A = Elapsed time spent in this place.
 B = Non-inter-level travel time spent in this place.
 C = Inter-level travel time spent in this place.
 D = Time resting spent in this place.
 E = Time spent auto-exploring this place.
 F = Levels seen in this place.
 G = Mean time per level.
                   A        B        C        D        E       F      G
               +--------+--------+--------+--------+--------+-----+--------+
         Total |   2985 |   2857 |    128 |    192 |   2346 |   3 |  995.0 |
       Dungeon |   2985 |   2857 |    128 |    192 |   2346 |   3 |  995.0 |
               +--------+--------+--------+--------+--------+-----+--------+

Top non-repeatable levels by time:
     D:1: 1573 daAuts
     D:2: 1409 daAuts
     D:3: 1 daAuts
